 Dungeon Crawl Stone Soup version 0.19.5 (webtiles) character file.

21 equalderp2856 the Ducker (level 2, 0/12 HPs)
             Began as a Felid Ice Elementalist on Apr 1, 2017.
             Slain by an ooze (4 damage)
             ... on level 1 of the Dungeon.
             The game lasted 00:01:49 (869 turns).

equalderp2856 the Ducker (Felid Ice Elementalist)    Turns: 869, Time: 00:01:50

Health: 0/12       AC:  1    Str:  4    XL:     2   Next: 65%
Magic:  6/6        EV: 18    Int: 16    God:
Gold:   15         SH:  0    Dex: 16    Spells: 2 memorised, 2 levels left
                                        Lives:  0   Deaths: 0

rFire  . . .     SeeInvis +     (weapon unavailable)
rCold  . . .     Gourm    .     (armour unavailable)
rNeg   . . .     Faith    .     (shield unavailable)
rPois  .         Spirit   .     (helmet unavailable)
rElec  .         Reflect  .     (cloak unavailable)
rCorr  .         Harm     .     (gloves unavailable)
MR     .....                    (boots unavailable)
Stlth  +++.......               (no amulet)
                                (no ring)
                                (no ring)

@: quick
A: no armour, no weapons or thrown items, stealth, claws 1, fangs 3, see
invisible, carnivore 3, speed 1, shaggy fur 1, slow metabolism 1, sharp paws
a: no special abilities


You were on level 1 of the Dungeon.
You were not hungry.

You visited 1 branch of the dungeon, and saw 1 of its levels.

You collected 15 gold pieces.

Inventory:

Scrolls
 d - 2 scrolls of remove curse {unknown}
 f - a scroll of blinking {unknown}
Potions
 c - 3 potions of mutation {unknown}
 e - a potion of flight {unknown}
Books
 a - a book of Frost

   Spells                             Type                      Level
   a - Freeze                         Ice                          1
   b - Throw Frost                    Conjuration/Ice              2
   c - Ozocubu's Armour               Charms/Ice                   3
   d - Throw Icicle                   Conjuration/Ice              4
   e - Summon Ice Beast               Ice/Summoning                4
Comestibles
 b - a meat ration


   Skills:
 * Level 1.1 Fighting
 * Level 3.2 Dodging
 * Level 3.0 Stealth
 * Level 0.8 Unarmed Combat
 - Level 2.0 Spellcasting
 * Level 1.1 Conjurations
 - Level 2.6 Ice Magic


You had 2 spell levels left.
You knew the following spells:

 Your Spells              Type           Power        Failure   Level  Hunger
a - Freeze                Ice            ##..         10%         1    #......
b - Throw Frost           Conj/Ice       #.....       17%         2    ###....


Dungeon Overview and Level Annotations

Branches:
Dungeon (1/15)

Altars:


Innate Abilities, Weirdness & Mutations

You cannot wear armour.
You are incapable of wielding weapons or throwing items.
Your paws allow you to move quietly. (Stealth)
You have sharp claws.
You have razor-sharp teeth.
You have supernaturally acute eyesight. (SInv)
You are carnivorous and can eat meat at any time.
You cover ground quickly.
You are covered in fur. (AC +1)
You have a slow metabolism.
Your sharp claws are effective at attacking unaware monsters.


Message History

The ooze hits you.
You scratch the ooze. You bite the ooze, but do no damage.
The ooze is severely wounded.
The ooze barely misses you.
You scratch the ooze.
The ooze is almost dead.
The ooze misses you.
You scratch the ooze but do no damage.
The ooze is almost dead.
The ooze hits you.
You barely miss the ooze.
The ooze is severely wounded.
The ooze barely misses you.
You scratch the ooze but do no damage.
The ooze is severely wounded.
The ooze hits you.
You scratch the ooze.
The ooze is almost dead.
The ooze hits you.
You die...

#.#
#.#
#.#
#.#
#.#
#.#
#.#
#.#
#@#
#J#
#.#
#.#
#.#
#.#
#..
#.#


You could see an ooze.

Vanquished Creatures
  An ooze (D:1)
  2 dart slugs (D:1)
  A leopard gecko (D:1)
  A goblin (D:1)
  A hobgoblin (D:1)
  4 bats (D:1)
  3 frilled lizards (D:1)
  A rat (D:1)
14 creatures vanquished.

Notes
Turn   | Place    | Note
-------+----------+-------------------------------------------
     0 | D:1      | equalderp2856 the Felid Ice Elementalist began the quest for the Orb.
     0 | D:1      | Reached XP level 1. HP: 7/7 MP: 4/4
   313 | D:1      | Reached XP level 2. HP: 10/12 MP: 3/6
   325 | D:1      | Learned a level 2 spell: Throw Frost
   351 | D:1      | Reached skill level 1 in Conjurations
   440 | D:1      | Reached skill level 1 in Fighting
   869 | D:1      | Slain by an ooze

Skill      XL: |  1  2 |
---------------+-------+-----
Dodging        | 3 |  3.2
Conjurations   | 1 |  1.1
Stealth        | 3 |  3.0
Fighting       | 1 |  1.1
Unarmed Combat | |  0.8
Spellcasting   | |  2.0
Ice Magic      | |  2.6

Action                   || total
-------------------------++-------
Melee: Unarmed           ||    37
       Bite              ||     2
 Cast: Freeze            ||     3
       Throw Frost       ||     8
 Stab: Sleeping          ||     2
  Eat: Chunk             ||     1
Armor: Skin              ||     4
Dodge: Dodged            ||    28
